 Dungeon Crawl Stone Soup version 0.26-a0-812-g31a745ddcd (webtiles) character file.

Game seed: 16385575764456483284

45 Dracia the Magician (level 3, 0/24 HPs)
             Began as a Demonspawn Hedge Wizard on Dec 4, 2020.
             Succumbed to a goblin's poison
             ... on level 1 of the Dungeon.
             The game lasted 00:05:10 (2081 turns).

Dracia the Magician (Demonspawn Hedge Wizard)       Turns: 2081, Time: 00:05:10

Health: 0/24       AC:  4    Str: 10    XL:     3   Next: 42%
Magic:  4/8        EV: 12    Int: 15    God:
Gold:   20         SH:  0    Dex: 13    Spells: 4/9 levels left

rFire    + . .     SeeInvis .   m - +0 dagger (vamp)
rCold    . . .     Faith    .   (no shield)
rNeg     . . .     Spirit   .   b - +0 robe
rPois    .         Reflect  .   c - +0 hat
rElec    .         Harm     .   (no cloak)
rCorr    .         Rampage  .   (no gloves)
MR       .....                  (no boots)
Stlth    ++........             (no amulet)
HPRegen  0.08/turn              (no ring)
MPRegen  0.11/turn              (no ring)

@: lethally poisoned (0 -> -16), very slightly contaminated, hasted, very quick
A: yellow scales 1, fire resistance 1
a: no special abilities


You were on level 1 of the Dungeon.
You visited 1 branch of the dungeon, and saw 2 of its levels.

You collected 20 gold pieces.


Innate Abilities, Weirdness & Mutations

You are partially covered in yellow scales. (AC +2)
Your flesh is heat resistant. (rF+)


   Skills:
 - Level 1.7 Dodging
 - Level 1.7 Stealth
 + Level 3.7 Spellcasting
 + Level 2.4 Conjurations
 - Level 1.0 Summonings
 - Level 0.8 Translocations


You had 4 spell levels left.
You knew the following spells:

 Your Spells              Type           Power        Failure   Level
a - Call Imp              Summ           #.......     19%         2
b - Blink                 Tloc           N/A          21%         2
f - Magic Dart            Conj           ##..         7%          1

Your spell library contained the following spells:

 Spells                   Type           Power        Failure   Level
 Slow                     Hex            #.......     28%         2
 Conjure Flame            Conj/Fire      #.......     34%         3
 Mephitic Cloud           Conj/Pois/Air  #.......     38%         3

Inventory:

Hand Weapons
 a - a +0 dagger
 h - a +0 trident of pain
 m - a +0 vampiric dagger (weapon)
Missiles
 d - 7 poisoned darts (quivered)
Armour
 b - a +0 robe (worn)
 c - a +0 hat (worn)
Scrolls
 e - a scroll of remove curse {unknown}
 i - 2 scrolls of identify {unknown}
 j - a scroll of amnesia {unknown}
 k - a scroll of fear {unknown}
 l - a scroll of noise {unknown}
Potions
 f - a potion of haste {@q3@q3}
 g - 2 potions of magic {unknown}

Dungeon Overview and Level Annotations

Branches:
Dungeon (2/15)

Altars:

Annotations:
D:2 Robin

###.######................#
#......# ##.....#.####.##.#
#...##.# ##...##.# #..##.#
###.#.##.# ##5###.# #.###.#
#...#....# #.# #.# #.# #^#
#.#####..# #.# #.###.###.#
#...#....# ##.###.........#
###.#.##.#
##...######.#####
#.....#.####..§@)......#
#.###.).##....gg########
#.# #.####...#÷##
#.###........###
#.....#####..# ####### ####


You could see a hobgoblin, a goblin and a friendly crimson imp (summoned).


Message History

The goblin hits you. The goblin closely misses you.
Unknown command.
Casting: Call Imp (safe; 19% risk of failure)
Confirm with . or Enter, or press ? or * to list all spells.
A beastly little devil appears in a puff of flame.
The hobgoblin hits you with a +0 club.
* * * LOW HITPOINT WARNING * * *
The goblin misses you. The goblin hits you but does no damage.
You are too injured to fight recklessly!
You are too injured to fight recklessly!
Unknown command.
You closely miss the goblin.
* * * LOW HITPOINT WARNING * * *
You feel sick. The hobgoblin closely misses you. The goblin hits you.
* * * LOW HITPOINT WARNING * * *
The goblin hits you with a +0 dagger of venom.
* * * LOW HITPOINT WARNING * * *
You are more poisoned.
You hit the goblin.
The goblin is moderately wounded.
* * * LOW HITPOINT WARNING * * *
You feel sick. The goblin misses you. The hobgoblin closely misses you.
Your crimson imp hits the goblin.
The goblin dies!
* * * LOW HITPOINT WARNING * * *
You feel sick. The goblin hits you.
* * * LOW HITPOINT WARNING * * *
Items here: )) ÷ †.
It was a potion of haste.
You feel yourself speed up.
You die...

Skill      XL: |  1  2 |
---------------+-------+-----
Conjurations   | 2 |  2.4
Dodging        | |  1.7
Stealth        | |  1.7
Spellcasting   | |  3.7
Summonings     | |  1.0
Translocations | |  0.8

Action                   || total
-------------------------++-------
Melee: Dagger            ||    44
       Trident           ||    62
 Cast: Magic Dart        ||    16
       Call Imp          ||     7
       Blink             ||     1
  Use: Potion            ||     1
 Stab: Sleeping          ||     4
Armor: Robe              ||    57
Dodge: Dodged            ||   131

Levels and vault maps discovered:
D:1:      dpeg_arrival_oval, layout_loops_corners, dk_noncrumbling_4,
          minmay_misc_feat_room, grunt_decor_arrowhead
D:2:      minmay_inner_zag, layout_basic, uniq_robin

Notes
Turn   | Place    | Note
-------+----------+-------------------------------------------
     0 | D:1      | Dracia the Demonspawn Hedge Wizard began the quest for the
                  | Orb.
     0 | D:1      | Reached XP level 1. HP: 13/13 MP: 4/4
   536 | D:1      | Gained mutation: You are partially covered in yellow
                  | scales. (AC +2) [demonic ancestry]
   536 | D:1      | Reached XP level 2. HP: 19/19 MP: 3/6
   559 | D:1      | Learned a level 2 spell: Call Imp
   562 | D:1      | Learned a level 2 spell: Blink
   836 | D:1      | Reached skill level 2 in Conjurations
  1455 | D:1      | Gained mutation: Your flesh is heat resistant. (rF+)
                  | [demonic ancestry]
  1455 | D:1      | Reached XP level 3. HP: 23/24 MP: 8/8
  1739 | D:2      | Noticed Robin
  2080 | D:1      | HP: 2/24 [goblin (4)]
  2081 | D:1      | Succumbed to a goblin's poison

Vanquished Creatures
  2 ball pythons (D:1)
  3 bats (D:1)
  2 giant cockroaches (D:1)
  12 goblins (D:1)
  A hobgoblin (D:2)
  5 jackals (D:1)
  4 kobolds (D:1)
  3 rats (D:1)
32 creatures vanquished.

Vanquished Creatures (collateral kills)
  A dart slug (D:1)
  3 goblins (D:1)
  A hobgoblin (D:1)
  2 bats (D:1)
  A kobold (D:1)
8 creatures vanquished.

Grand Total: 40 creatures vanquished

Table legend: (Time is in decaauts)
 A = Elapsed time spent in this place.
 B = Non-inter-level travel time spent in this place.
 C = Inter-level travel time spent in this place.
 D = Time resting spent in this place.
 E = Time spent auto-exploring this place.
 F = Levels seen in this place.
 G = Mean time per level.
                   A        B        C        D        E       F      G
               +--------+--------+--------+--------+--------+-----+--------+
         Total |   2100 |   2049 |     51 |    301 |   1455 |   2 | 1050.0 |
       Dungeon |   2100 |   2049 |     51 |    301 |   1455 |   2 | 1050.0 |
               +--------+--------+--------+--------+--------+-----+--------+

Top non-repeatable levels by time:
     D:1: 2088 daAuts
     D:2: 12 daAuts

Table legend:
 A = Non-vault XP
 B = Vault XP
 C = Vault XP percentage of total XP
 D = Non-vault monster count
 E = Vault monster count
 F = Vault count percentage of total count
                 A         B        C        D         E       F
            +---------+---------+-------+---------+---------+-------
      Total |      53 |      12 |  18.5 |      32 |       8 |  20.0
            +---------+---------+-------+---------+---------+-------
        D:1 |      51 |      12 |  19.0 |      31 |       8 |  20.5
        D:2 |       2 |       0 |   0.0 |       1 |       0 |   0.0
            +---------+---------+-------+---------+---------+-------
